cohdb
Replays
Latest Replays
All Replays
Popular Replays
Top Player Replays
Match Explorer
How It Works
Community
CoH3 Stats
Reddit
Sign in to upload your games and track your stats! →
Sign in with Steam
Match 40947983
Unlisted
Match 40947983
Overview
Messages
Build Orders
End
Construct Infanterie Kompanie
MG 42 Machine Gun Team
Selects Italian Coastal Battlegroup
Selects Coastal Reserves
Coastal Reserve
Coastal Reserve
GrW 34 Mortar Team
Construct Panzergrenadier Kompanie
Selects Artillery Officer
Panzergrenadier Squad
Medical Bunker
Pak 40 Anti-tank Gun Team
Support Elements
Artillery Officer
Selects Support Bunkers
Selects Designated Artillery Overwatch
StuG III G Assault Gun
Designated Artillery Overwatch
Selects Obice da 210/22 Artillery Emplacement
Pioneer Squad
只有框A才能打败框A
J_Shizlet
蟑螂恶霸
General Rommel
BurningShot
EpikSkillz
BATTLEDANNY1
ckdgus813
0
0
Comments
sign in to comment!
No comments posted yet!